 Dungeon Crawl Stone Soup version 0.26.0-10-g1f06aea511 (webtiles) character file.

Game seed: 17939946523381457440

307 theswoord the Chopper (level 6, 0/47 HPs)
             Began as a Demonspawn Monk on Jan 13, 2021.
             Succumbed to a scorpion's poison
             ... on level 4 of the Dungeon.
             The game lasted 00:06:04 (3611 turns).

theswoord the Chopper (Demonspawn Monk)             Turns: 3611, Time: 00:06:05

Health: 0/47       AC: 18    Str: 12 (13) XL:     6   Next: 16%
Magic:  6/6        EV:  6    Int: 11 (12) God:
Gold:   152        SH:  0    Dex: 13 (15) Spells: 5/5 levels left

rFire    . . .     SeeInvis .   a - +0 hand axe
rCold    . . .     Faith    .   (no shield)
rNeg     . . .     Spirit   .   j - +0 chain mail
rPois    .         Reflect  .   (helmet restricted)
rElec    .         Harm     .   (no cloak)
rCorr    .         Rampage  .   f - +0 pair of gloves
Will     .....                  (no boots)
Stlth    ..........             (no amulet)
HPRegen  0.15/turn              (no ring)
MPRegen  0.10/turn              (no ring)

@: lethally poisoned (0 -> -25), sanguine armour, slowed, very slow
A: antennae 1, sanguine armour 2
a: no special abilities


You were on level 4 of the Dungeon.
You visited 1 branch of the dungeon, and saw 4 of its levels.

You collected 152 gold pieces.

Inventory:

Hand Weapons
 a - a +0 hand axe (weapon)
Armour
 b - a +0 robe
 f - a +0 pair of gloves (worn)
 h - a +0 helmet
 j - a +0 chain mail (worn)
Wands
 e - a wand of iceblast (8)
Scrolls
 c - 4 scrolls of identify
 d - 2 scrolls of remove curse


   Skills:
 - Level 3.0 Fighting
 + Level 6.3 Axes
 - Level 2.6 Dodging
 - Level 1.7 Stealth


You had 5 spell levels left.
You didn't know any spells.
Your spell library was empty.

Dungeon Overview and Level Annotations

Branches:
Dungeon (4/15)
 Temple: D:4-7

Altars:
Fedhas
Hepliaklqana


Innate Abilities, Weirdness & Mutations

You have a pair of small antennae on your head.
When seriously injured, your bleeding wounds create thick armour. (AC +9)


Message History

As you read the scroll labelled ONEOTUSMOA, it crumbles to dust.
It is a scroll of amnesia.
You feel forgetful for a moment.
* * * LOW HITPOINT WARNING * * *
You feel sick.
The orc priest hits you but does no damage.
The scorpion barely misses you. The scorpion stings you.
* * * LOW HITPOINT WARNING * * *
You are more poisoned.
The scorpion poisons you!
The orc wizard mumbles some strange words.
The orc wizard blinks!
The orc hits you but does no damage.
The orc priest looks encouraged for a moment.
The scorpion closely misses you.
You hit the orc.
The orc is severely wounded.
You completely miss the scorpion.
You hit the orc priest but do no damage.
You hit the scorpion but do no damage.
You die...

# #.# #.
###....
#...###..o....
#...§s@o...#
......o.s...#
............#
....<......##
##?..###.#.#
#.... ....
#... ## ##
#...


You could see 2 scorpions, an orc priest, an orc wizard (fast) and an orc.

Vanquished Creatures
  A hound (D:4)
  Natasha (thrice) (D:3)
  An orc wizard (D:3)
  A worker ant (D:2)
  Robin (D:2)
  4 gnolls (D:3)
  2 adders
  A worm (D:3)
  A dart slug (D:3)
  A leopard gecko (D:1)
  6 orcs
  6 bats
  6 giant cockroaches
  8 goblins
  14 hobgoblins
  A jackal (D:2)
  6 kobolds
  2 quokkas (D:3)
  3 frilled lizards
  A quokka skeleton (D:4)
  7 rats
76 creatures vanquished.

Notes
Turn   | Place    | Note
-------+----------+-------------------------------------------
     0 | D:1      | theswoord the Demonspawn Monk began the quest for the Orb.
     0 | D:1      | Reached XP level 1. HP: 18/18 MP: 1/1
    36 | D:1      | Reached skill level 3 in Axes
   185 | D:1      | Gained mutation: When seriously injured, your bleeding
                  | wounds create armour. (AC +9) [demonic ancestry]
   185 | D:1      | Reached XP level 2. HP: 24/24 MP: 2/2
  1118 | D:2      | Reached XP level 3. HP: 27/29 MP: 3/3
  1215 | D:2      | Noticed Robin
  1225 | D:2      | Reached skill level 4 in Axes
  1240 | D:2      | Killed Robin
  1751 | D:2      | Gained mutation: When seriously injured, your bleeding
                  | wounds create thick armour. (AC +9) [demonic ancestry]
  1751 | D:2      | Reached XP level 4. HP: 10/35 MP: 4/4
  2353 | D:3      | Found a blossoming altar of Fedhas.
  2390 | D:3      | Noticed Natasha
  2398 | D:3      | Killed Natasha
  2399 | D:3      | Reached skill level 5 in Axes
  2578 | D:3      | Gained mutation: You have a pair of small antennae on your
                  | head. [demonic ancestry]
  2578 | D:3      | Reached XP level 5. HP: 20/41 MP: 5/5
  2590 | D:3      | HP: 2/41 [gnoll/+0 spear (2)]
  2964 | D:3      | Noticed Natasha
  2976 | D:3      | Killed Natasha
  3217 | D:3      | Reached skill level 6 in Axes
  3308 | D:3      | Noticed Natasha
  3316 | D:3      | Killed Natasha
  3476 | D:3      | Found a hazy altar of Hepliaklqana.
  3595 | D:4      | Reached XP level 6. HP: 28/47 MP: 6/6
  3611 | D:4      | Succumbed to a scorpion's poison

Skill      XL: |  1  2  3  4  5 |
---------------+----------------+-----
Axes           | 3 4 5 6 |  6.3
Fighting       | |  3.0
Dodging        | |  2.6
Stealth        | |  1.7

Action                   |  1- 3 |  4- 6 || total
-------------------------+-------+-------++-------
Melee: Hand axe          |   150 |   154 ||   304
  Use: Potion            |       |     7 ||     7
       Scroll            |       |     3 ||     3
 Stab: Sleeping          |     3 |       ||     3
Armor: Robe              |    22 |       ||    22
       Chain mail        |    64 |   152 ||   216
Dodge: Dodged            |    92 |    63 ||   155

Levels and vault maps discovered:
D:1:      amcnicky_arrival_choice, layout_rooms, minmay_misc_feat_enclosed
D:2:      layout_loops_corners, dk_noncrumbling_4, minmay_tetromino_o4,
          uniq_robin
D:3:      layout_rooms, minitemple, uniq_natasha
D:4:      layout_loops_cross, nicolae_gozag_cash_rules_everything_around_me,
          gup_sewer_entry_bowl, uniq_eustachio
